 Dungeon Crawl Stone Soup version 0.28.0-43-g3370ac3207 (webtiles) character file.

Game seed: 3706643041951208239

70 safid the Skirmisher (level 4, 0/40 HPs)
             Began as a Hill Orc Fighter on Mar 14, 2022.
             Slain by a gnoll
             ... wielding a +0 halberd
              (8 damage)
             ... on level 3 of the Dungeon.
             The game lasted 00:01:48 (1646 turns).

safid the Skirmisher (Hill Orc Fighter)             Turns: 1646, Time: 00:01:48

Health: 0/40       AC:  7    Str: 20    XL:     4   Next: 21%
Magic:  4/4        EV:  9    Int:  8    God:
Gold:   108        SH:  4    Dex: 10    Spells: 3/3 levels left

rFire   . . .      SeeInvis .   a - +0 war axe
rCold   . . .      Faith    .   c - +0 buckler
rNeg    . . .      Spirit   .   b - +0 scale mail
rPois   .          Reflect  .   (no helmet)
rElec   .          Harm     .   (no cloak)
rCorr   .          Rampage  .   (no gloves)
Will    .....                   (no boots)
Stlth   ..........              (no amulet)
HPRegen 0.13/turn               (no ring)
MPRegen 0.09/turn               (no ring)

@: no status effects
A: no striking features
a: no special abilities


You were on level 3 of the Dungeon.
You visited 1 branch of the dungeon, and saw 3 of its levels.

You collected 108 gold pieces.

Inventory:

Hand Weapons
 a - a +0 war axe (weapon)
Armour
 b - a +0 scale mail (worn)
 c - a +0 buckler (worn)
Jewellery
 g - a +6 ring of intelligence
 i - a ring of resist corrosion
Scrolls
 f - a scroll of acquirement {unknown}
Potions
 d - a potion of might
 e - a potion of curing {unknown}
 h - a potion of heal wounds {unknown}


   Skills:
 - Level 4.0 Fighting
 + Level 4.0 Axes
 - Level 4.0 Armour
 - Level 4.0 Shields


You had 3 spell levels left.
You didn't know any spells.
Your spell library was empty.

Dungeon Overview and Level Annotations

Branches:
Dungeon (3/15)

Altars:


Message History

Training target 4.0 for Armour reached!
Training target 4.0 for Shields reached!
Your Axes skill increases to level 4!
Your Armour skill increases to level 4!
Your Shields skill increases to level 4!
The gnoll barely misses you. You block the gnoll's attack.
Things that are here:
a +0 flail; a gnoll corpse You hit the gnoll but do no damage.
The gnoll is severely wounded.
You closely miss the gnoll. The gnoll barely misses you.
The gnoll hits you with a +0 halberd.
Unknown command.
You closely miss the gnoll.
The gnoll is severely wounded.
You barely miss the gnoll. The gnoll hits you but does no damage.
The gnoll barely misses you. The gnoll hits you but does no damage.
Unknown command.
You hit the gnoll but do no damage.
The gnoll is severely wounded.
You hit the gnoll. The gnoll hits you with a +0 halberd.
The gnoll hits you with a +0 whip. The gnoll hits you with a +0 halberd.
Unknown command.
You barely miss the gnoll.
The gnoll is severely wounded.
You hit the gnoll but do no damage. You block the gnoll's attack.
The gnoll hits you but does no damage. x2
Unknown command.
You completely miss the gnoll.
The gnoll is severely wounded.
You hit the gnoll. The gnoll hits you but does no damage.
The gnoll hits you with a +0 whip.
* * * LOW HITPOINT WARNING * * *
Unknown command.
You barely miss the gnoll.
The gnoll is severely wounded.
You hit the gnoll. The gnoll barely misses you.
The gnoll hits you with a +0 whip.
* * * LOW HITPOINT WARNING * * *
The gnoll hits you with a +0 halberd!
You die...

#. #.##.##..... . ....
#.##.##...#####. #...
#.##.##.........
##...####.##.##.........
........................
#.........#............
#.........#.##..###....
#.....g...#.##..# #.##.
#.#..g@...#.##..###.##.
#.......#.##..#......
...........#.....#.#)#..
..............##.#.#.#..
##.....######.##...#.##.
#..... ..............
#..... ###.##..##.##.
#..... #..##....
#...#....


You could see 2 gnolls.

Vanquished Creatures
  A gnoll (D:3)
  An adder (D:2)
  An ufetubus (D:3)
  3 dart slugs (D:1)
  3 endoplasms (D:1)
  2 giant cockroaches
  3 goblins
  5 hobgoblins
  A kobold (D:2)
  2 quokkas (D:1)
  2 ball pythons (D:1)
  7 bats
  5 frilled lizards
  3 rats
39 creatures vanquished.

Notes
Turn   | Place    | Note
-------+----------+-------------------------------------------
     0 | D:1      | safid the Hill Orc Fighter began the quest for the Orb.
     0 | D:1      | Reached XP level 1. HP: 19/19 MP: 1/1
    92 | D:1      | Reached XP level 2. HP: 27/27 MP: 2/2
   331 | D:1      | Reached XP level 3. HP: 31/33 MP: 3/3
   503 | D:1      | Found a faded altar of an unknown god.
  1467 | D:3      | Reached XP level 4. HP: 24/40 MP: 4/4
  1646 | D:3      | Slain by a gnoll

Illustrated notes

Levels and vault maps discovered:
D:1:      minmay_arrival_glassed_features, layout_rooms,
          ebering_ecumenical_altar_rust, minmay_indecisive_spiral
D:2:      layout_basic
D:3:      layout_basic

Skill      XL: |  1  2  3  4 |
---------------+-------------+-----
Axes           | 3 4 |  4.0
Fighting       | 4 |  4.0
Armour         | 4 |  4.0
Shields        | 4 |  4.0

Action                   |  1- 3 |  4- 6 || total
-------------------------+-------+-------++-------
Melee: War axe           |    84 |    20 ||   104
Armor: Scale mail        |    48 |     8 ||    56
Dodge: Dodged            |    55 |    11 ||    66
Block: Buckler           |    26 |     8 ||    34
